 Seeded DCSS version 0.31-a0-121-g1e386dd289 (webtiles) character file.

Game seed: 2700300885133496189 (custom seed)

136 Pimp the Chiller (level 5, -3/37 HPs)
             Began as a Barachi Ice Elementalist on May 31, 2023.
             Was an Initiate of Vehumet.
             Slain by Duvessa
             ... wielding a +0 short sword
              (7 damage)
             ... on level 4 of the Dungeon.
             The game lasted 00:10:41 (3038 turns).

Pimp the Chiller (Barachi Ice Elementalist)         Turns: 3038, Time: 00:10:42

Health: -3/37      AC:  5    Str: 10    XL:     5   Next: 19%
Magic:  14/15      EV: 12    Int: 23    God:    Vehumet [......]
Gold:   213        SH:  0    Dex: 12    Spells: 3/10 levels left

rFire   . . .        n - +6 Majin-Bo {spellvamp, MP+6 Int+6}
rCold   . . .        (no shield)
rNeg    . . .        r - +2 robe {Will+}
rPois   .            (no helmet)
rElec   .            (no cloak)
rCorr   .            m - +0 pair of gloves
SInv    .            (no boots)
Will    ++...        (no amulet)
Stlth   ++           p - ring of willpower
HPRegen 0.26/turn    (no ring)
MPRegen 0.14/turn

%: no passive effects
@: brilliant, slow
A: amphibious, slowness 1, strong legs 1, +LOS
a: Hop, Renounce Religion


You were on level 4 of the Dungeon.
You worshipped Vehumet.
Vehumet was noncommittal.
You visited 1 branch of the dungeon, and saw 4 of its levels.

You collected 213 gold pieces.

Inventory:

Hand Weapons
 k - the +6 dagger of the Imperium {spect, rElec}
   (You found it on level 2 of the Dungeon)

   rElec:     It insulates you from electricity.
 n - the +6 Majin-Bo (weapon) {spellvamp, MP+6 Int+6}
   (You acquired it on level 3 of the Dungeon)

   Int:       It affects your intelligence (+6).
   MP:        It affects your magic capacity (+6).
Armour
 a - a +0 robe
 m - a +0 pair of gloves (worn)
 r - a +2 robe of willpower (worn)
Jewellery
 p - a ring of willpower (left hand)
Scrolls
 e - a scroll of amnesia
 f - 3 scrolls of enchant armour {unknown}
 g - 2 scrolls of fear {unknown}
 h - a scroll of silence {unknown}
 o - a scroll of blinking {unknown}
 q - 4 scrolls of identify
 t - 2 scrolls of enchant weapon {unknown}
Potions
 b - 2 potions of magic
 d - a potion of degeneration {unknown}
 i - a potion of ambrosia
 l - a potion of haste
 s - a potion of cancellation {unknown}
 u - a potion of berserk rage {unknown}


   Skills:
 + Level 1.3 Fighting
 - Level 0.5 Short Blades
 + Level 0.8 Staves
 + Level 3.2 Dodging
 + Level 2.7 Stealth
 + Level 3.1 Spellcasting
 + Level 5.5 Ice Magic


You had 3 spell levels left.
You knew the following spells:

 Your Spells              Type           Power      Damage    Failure   Level
a - Freeze                Ice            100%       1d10      1%          1
b - Frozen Ramparts       Ice            86%        1d13      3%          3
c - Ozocubu's Armour      Ice            43%        N/A       3%          3

Your spell library contained the following spells:

 Spells                   Type           Power      Damage    Failure   Level
 Summon Ice Beast         Ice/Summ       24%        N/A       36%         4
 Metabolic Englaciation   Hex/Ice        12%        N/A       71%         5
 Iskenderun's Battlesphe  Conj           5%         2d6       97%         5
 Simulacrum               Ice/Necr       12%        N/A       99%         6
 Leda's Unmaking          Conj/Erth      2%         9d1       100%        6
 Spellforged Servitor     Conj/Summ      2%         N/A       100%        7


Dungeon Overview and Level Annotations

Branches:
Dungeon (4/15)
 Temple: D:4-7

Altars:
Sif Muna
Vehumet
Yredelemnul
Zin

Annotations:
D:4 Duvessa


Innate Abilities, Weirdness & Mutations

You are amphibious.
You cover ground slowly.
You can hop short distances.
You have an extended range of vision and can be seen from far away.


Message History

The wall freezes Duvessa but does no damage.
Duvessa hits you with a +0 short sword!
* * * LOW HITPOINT WARNING * * *
You are confused.
You feel invigorated.
Duvessa resists.
The wall freezes Duvessa.
Duvessa hits you with a +0 short sword.
The wall freezes Duvessa but does no damage.
Duvessa closely misses you.
Unknown command.
Duvessa resists.
The wall freezes Duvessa.
Duvessa hits you with a +0 short sword!
* * * LOW HITPOINT WARNING * * *
The wall freezes the iguana.
The iguana seems to slow down.
You are too confused!
Your frozen ramparts will break if you move.
Continue?
Okay, then.
It was a potion of curing.
You feel better.
You feel less invigorated.
Duvessa completely resists.
The wall freezes Duvessa but does no damage.
Duvessa hits you with a +0 short sword.
* * * LOW HITPOINT WARNING * * *
Duvessa completely resists.
The wall freezes Duvessa but does no damage.
Duvessa closely misses you.
Okay, then.
You feel clever all of a sudden.
The frozen ramparts melt away.
Duvessa completely misses you.
Casting: Freeze (safe; 1% risk of failure)
Confirm with . or Enter, or press ? or * to list all spells.
Aiming: Freeze (safe; 1% risk of failure)
Press: ? - help, Shift-Dir - straight line, f/p - Duvessa
Aim: Duvessa, wielding a +0 short sword and wearing a +3 leather armour of cold resistance (moderately wounded, berserk, fast)
You feel a surge of power!
You freeze Duvessa.
Duvessa resists.
You feel better.
Duvessa is moderately wounded.
* * * LOW HITPOINT WARNING * * *
Duvessa hits you with a +0 short sword!
* * * LOW HITPOINT WARNING * * *
Duvessa hits you with a +0 short sword!
You die...

#).#...# ##
#..#...# ..
#..#..># #.
#..#...# #..
#..##.>#
##..##..##..#
#...........#
#...........#
###[##@######
#..###.##e##
.e.......l.#
........†..#
...........#
...l.......#
..........##
###.......#
###......


You could see Duvessa (berserk, fast) and an iguana (slow).

Vanquished Creatures
  Dowan (D:4)
  4 adders
  2 orcs
  9 ball pythons
  4 bats (D:1)
  4 endoplasms
  2 giant cockroaches
  5 goblins
  3 hobgoblins
  5 kobolds
  3 quokkas
  2 frilled lizards
  9 rats
53 creatures vanquished.

Notes
Turn   | Place    | Note
-------+----------+-------------------------------------------
     0 | D:1      | Pimp the Barachi Ice Elementalist began the quest for the
                  | Orb.
     0 | D:1      | Reached XP level 1. HP: 13/13 MP: 3/3
   141 | D:1      | Reached skill level 5 in Ice Magic
   141 | D:1      | Reached XP level 2. HP: 19/19 MP: 0/5
   493 | D:1      | Reached XP level 3. HP: 24/24 MP: 4/6
   497 | D:1      | Learned a level 3 spell: Frozen Ramparts
   501 | D:1      | Learned a level 3 spell: Ozocubu's Armour
  1284 | D:2      | Identified the +6 dagger of the Imperium {spect, rElec}
  1430 | D:2      | Reached XP level 4. HP: 30/30 MP: 5/8
  2152 | D:3      | Identified a scroll of acquirement
  2152 | D:3      | Acquired the +6 Majin-Bo {spellvamp, MP+6 Int+6}
  2152 | D:3      | Found the +6 Majin-Bo {spellvamp, MP+6 Int+6}
  2539 | D:3      | Found a glowing silver altar of Zin.
  2539 | D:3      | Found a radiant altar of Vehumet.
  2540 | D:3      | Found a shimmering blue altar of Sif Muna.
  2540 | D:3      | Found a basalt altar of Yredelemnul.
  2553 | D:3      | Became a worshipper of Vehumet
  3020 | D:4      | Noticed Duvessa
  3021 | D:4      | Noticed Dowan
  3031 | D:4      | Killed Dowan
  3032 | D:4      | Reached skill level 1 in Fighting
  3032 | D:4      | Reached XP level 5. HP: 37/37 MP: 9/9
  3038 | D:4      | Slain by Duvessa

Illustrated notes

Levels and vault maps discovered:
D:1:      sevenhm_arrival_forest_fort_small_4, layout_basic,
          kennysheep_pointless_box, minmay_misc_feat_x
D:2:      layout_basic
D:3:      layout_basic, chequers_temple_overflow_statue_of_worship, st_stairs_6,
          minivault_5
D:4:      layout_gridville, temple_fountains, minmay_unequal, uniq_sigmund,
          uniq_duvessa

Skill      XL: |  1  2  3  4 |
---------------+-------------+-----
Stealth        | 2 |  2.7
Ice Magic      | 5 |  5.5
Dodging        | 3 |  3.2
Spellcasting   | 3 |  3.1
Fighting       | 1 |  1.3
Short Blades   | |  0.5
Staves         | |  0.8

Action                     |  1- 3 |  4- 6 || total
---------------------------+-------+-------++-------
  Melee: Unarmed           |    17 |       ||    17
         Bo                |       |    18 ||    18
         Dagger            |       |     2 ||     2
   Cast: Freeze            |    42 |    10 ||    52
         Frozen Ramparts   |     3 |     3 ||     6
    Use: Scroll            |       |     8 ||     8
         Potion            |       |     3 ||     3
   Stab: Sleeping          |       |     2 ||     2
 Armour: Robe              |     7 |     5 ||    12
  Dodge: Dodged            |    39 |    18 ||    57

Table legend: (Time is in decaauts)
 A = Elapsed time spent in this place.
 B = Non-inter-level travel time spent in this place.
 C = Inter-level travel time spent in this place.
 D = Time resting spent in this place.
 E = Time spent auto-exploring this place.
 F = Levels seen in this place.
 G = Mean time per level.
                   A        B        C        D        E       F      G
               +--------+--------+--------+--------+--------+-----+--------+
         Total |   3462 |   3356 |    106 |    473 |   2273 |   4 |  865.5 |
       Dungeon |   3462 |   3356 |    106 |    473 |   2273 |   4 |  865.5 |
               +--------+--------+--------+--------+--------+-----+--------+

Top non-repeatable levels by time:
     D:3: 1324 daAuts
     D:1: 1146 daAuts
     D:2: 885 daAuts
     D:4: 105 daAuts
